[Event "Titled Tuesday Blitz June 20 Late 2023"]
[White "Zaitsev, Alexander"]
[Black "Mikhalsky, Vladimir"]
[WhiteFideId "4164490"]
[BlackFideId "14144352"]
[WhiteElo "2373"]
[BlackElo "2236"]
[Result "0-1"]
[Round "11"]
[TimeControl "180+2"]
[Date "2023.06.20"]
[WhiteClock "0:00:00"]
[BlackClock "0:00:20"]
[Board "71"]

1. e4 g6 2. d4 Bg7 3. Nf3 d6 4. Nc3 Nf6 5. Be2 a6 6. a4 Nc6 7. O-O O-O 8. h3 e5 9. dxe5 Nxe5 10. Nxe5 dxe5 11. Bg5 c6 12. a5 Qe7 13. Qc1 Be6 14. Na4 Qb4 15. Nb6 Rad8 16. Ra4 Qc5 17. Be3 Qe7 18. Bg5 Qc5 19. Bf3 Qb5 20. Re1 Rd4 21. c4 Qb3 22. Bd1 Rxd1 23. Qxd1 Qxd1 24. Rxd1 Nxe4 25. Be3 f5 26. f3 f4 27. Bc1 Nc5 28. Ra3 e4 29. fxe4 Nxe4 30. Nd7 Rf7 31. Nb6 Bf8 32. Rf3 Bc5+ 33. Kh2 g5 34. Re1 Bf5 35. Na4 Bf2 36. Rxe4 Bg3+ 37. Kg1 Bxe4 38. Rf1 Bd3 0-1


[Site "https://www.chess.com"]

[Event "Titled Tuesday Blitz June 20 Late 2023"]
[White "Jovic, Stanoje"]
[Black "KSho99"]
[WhiteFideId "905020"]
[WhiteElo "2236"]
[BlackElo "2228"]
[Result "0-1"]
[Round "11"]
[TimeControl "180+2"]
[Date "2023.06.20"]
[WhiteClock "0:00:00"]
[BlackClock "0:00:07"]
[Board "72"]

1. c4 f5 2. g3 Nf6 3. Bg2 g6 4. Nc3 Bg7 5. d3 O-O 6. e4 fxe4 7. dxe4 Nc6 8. Nge2 d6 9. h3 Be6 10. Nd5 Qd7 11. Nef4 Bf7 12. O-O Ne5 13. Qc2 c6 14. Ne3 Bh6 15. b4 a5 16. b5 cxb5 17. cxb5 Rfc8 18. Qe2 Nc4 19. a4 Nxe3 20. Bxe3 Bc4 21. Nd3 Bg7 22. Rfd1 Qe6 23. Qf3 Nd7 24. Nf4 Qf7 25. Rac1 Ne5 26. Rxc4 Nxf3+ 27. Bxf3 Qxc4 28. e5 Qxa4 29. exd6 exd6 30. Rxd6 Qxb5 31. Bd5+ Kh8 32. Rb6 Qxb6 33. Bxb6 a4 34. Ne6 a3 35. Ng5 Rf8 36. Ba2 Rf5 37. Ne6 Rf6 38. Bd4 Rxe6 39. Bxg7+ Kxg7 40. Bxe6 a2 0-1


[Site "https://www.chess.com"]

[Event "Titled Tuesday Blitz June 20 Late 2023"]
[White "Shuvalov, Evgenij"]
[Black "zano2023"]
[WhiteFideId "4187237"]
[WhiteElo "2080"]
[BlackElo "2219"]
[Result "1-0"]
[Round "11"]
[TimeControl "180+2"]
[Date "2023.06.20"]
[WhiteClock "0:00:41"]
[BlackClock "0:00:24"]
[Board "73"]

1. e4 e5 2. Nf3 d6 3. Bb5+ c6 4. Be2 f5 5. d3 Nf6 6. Nbd2 Be7 7. O-O O-O 8. Re1 f4 9. d4 Qc7 10. a4 Bg4 11. c3 Nbd7 12. a5 Kh8 13. Ng5 Bxe2 14. Qxe2 Rfe8 15. Qc4 h6 16. Ne6 Qc8 17. Nf3 Bd8 18. Nh4 Nf8 19. Nxf8 Rxf8 20. Ng6+ Kh7 21. Nxf8+ Kh8 22. Ng6+ Kh7 23. Nh4 Qg4 24. Nf3 Nxe4 25. d5 cxd5 26. Qxd5 Ng5 27. Nxg5+ Bxg5 28. h3 Qh5 29. Qxb7 Rf8 30. Qf3 Qg6 31. b4 Re8 32. Qe4 Qxe4 33. Rxe4 d5 34. Re1 e4 35. Bd2 Bf6 36. Rad1 Rc8 37. Bxf4 Bxc3 38. Re2 Bxb4 39. Rxd5 Rc4 40. a6 Rc6 41. Rxe4 Rxa6 42. Rxb4 1-0


[Site "https://www.chess.com"]

[Event "Titled Tuesday Blitz June 20 Late 2023"]
[White "Ozalp, Burak"]
[Black "Hambleton, Aman"]
[WhiteFideId "6314210"]
[BlackFideId "2606577"]
[WhiteElo "2106"]
[BlackElo "2511"]
[Result "1-0"]
[Round "11"]
[TimeControl "180+2"]
[Date "2023.06.20"]
[WhiteClock "0:00:07"]
[BlackClock "0:00:00"]
[Board "74"]

1. e4 d5 2. exd5 Qxd5 3. Nc3 Qe5+ 4. Be2 c6 5. d4 Qc7 6. Nf3 Bg4 7. Bc4 e6 8. h3 Bxf3 9. Qxf3 Nf6 10. Bf4 Bd6 11. Bxd6 Qxd6 12. O-O-O Nbd7 13. Rhe1 O-O-O 14. Ne4 Nxe4 15. Qxe4 Nf6 16. Qe5 Qxe5 17. dxe5 Nd5 18. g3 Kc7 19. h4 h5 20. a3 a5 21. Bf1 Ne7 22. Rxd8 Rxd8 23. Rd1 Rxd1+ 24. Kxd1 Ng6 25. f4 Ne7 26. Bd3 Kb6 27. Kd2 Kc5 28. Be2 g6 29. Bd3 b5 30. c3 a4 31. Be4 Nf5 32. Bxf5 gxf5 33. Kd3 Kd5 34. Kd2 Ke4 35. Ke2 c5 36. Kd2 Kf3 37. Kd3 Kxg3 38. c4 bxc4+ 39. Kxc4 Kxf4 40. b4 axb3 41. Kxb3 Ke3 42. a4 c4+ 43. Kc3 f4 44. a5 f3 45. a6 f2 46. a7 f1=Q 47. a8=Q Qd3+ 48. Kb4 Qd4 49. Qh8 c3+ 50. Kb3 Ke2 51. Qf6 1-0


[Site "https://www.chess.com"]

[Event "Titled Tuesday Blitz June 20 Late 2023"]
[White "Gerbelli Neto, Eduardo"]
[Black "Vlassov, Nikolai"]
[WhiteFideId "2103281"]
[BlackFideId "4103360"]
[WhiteElo "2178"]
[BlackElo "2324"]
[Result "0-1"]
[Round "11"]
[TimeControl "180+2"]
[Date "2023.06.20"]
[WhiteClock "0:00:00"]
[BlackClock "0:00:04"]
[Board "75"]

1. e4 c5 2. Nc3 g6 3. f4 Bg7 4. Nf3 a6 5. g3 b5 6. Bg2 Bb7 7. d3 b4 8. Ne2 Nf6 9. O-O O-O 10. Qe1 a5 11. h3 c4 12. e5 cxd3 13. cxd3 Nd5 14. Qf2 d6 15. d4 Na6 16. Ng5 Qd7 17. h4 Rac8 18. Bh3 e6 19. Ne4 dxe5 20. fxe5 f5 21. Nd6 Rc2 22. Bg2 Ba8 23. Qe1 Nac7 24. Qd1 Rc6 25. Nf4 Rxd6 26. exd6 Qxd6 27. Re1 Qb6 28. Kh2 Bxd4 29. Qb3 Rd8 30. Bd2 e5 31. Nxd5 Bxd5 32. Bxd5+ Nxd5 33. Rad1 Kg7 34. Bg5 Rd7 35. Qc4 h6 36. Bc1 Qd6 37. b3 Rc7 38. Qb5 Qc5 39. Qxc5 Rxc5 40. Rd2 Bc3 41. Rxe5 Bxe5 42. Re2 Rxc1 43. Rxe5 Rc2+ 44. Kh3 Rd2 45. g4 Rd3+ 46. Kg2 fxg4 47. h5 g5 0-1


[Site "https://www.chess.com"]

[Event "Titled Tuesday Blitz June 20 Late 2023"]
[White "Shapiro, Daniel"]
[Black "brm72"]
[WhiteFideId "2001780"]
[WhiteElo "2323"]
[BlackElo "2541"]
[Result "0-1"]
[Round "11"]
[TimeControl "180+2"]
[Date "2023.06.20"]
[WhiteClock "0:00:05"]
[BlackClock "0:02:03"]
[Board "76"]

1. d4 Nf6 2. c4 g6 3. Nc3 d5 4. Qb3 dxc4 5. Qxc4 Bg7 6. e4 O-O 7. Nf3 Nc6 8. Be2 Bg4 9. Be3 Bxf3 10. gxf3 e5 11. d5 Nd4 12. Bxd4 exd4 13. Qxd4 Nh5 14. Qd2 Be5 15. Bc4 Qf6 16. Kd1 a6 17. Kc2 b5 18. Be2 b4 19. Na4 c6 20. dxc6 Qxc6+ 21. Kb3 Rfd8 22. Qc2 Qf6 23. Rhd1 Rac8 24. Rxd8+ Rxd8 25. Rd1 a5 26. Rd5 Nf4 27. Bf1 Nxd5 28. exd5 Rxd5 29. Qc4 Qxf3+ 30. Nc3 bxc3 31. bxc3 Qxc3+ 32. Qxc3 Bxc3 33. Kxc3 Rf5 0-1


[Site "https://www.chess.com"]

[Event "Titled Tuesday Blitz June 20 Late 2023"]
[White "Hajiyev, Kanan"]
[Black "Rodriguez Polo, Mateo"]
[WhiteFideId "13404148"]
[BlackFideId "24509396"]
[WhiteElo "2115"]
[BlackElo "2117"]
[Result "0-1"]
[Round "11"]
[TimeControl "180+2"]
[Date "2023.06.20"]
[WhiteClock "0:00:30"]
[BlackClock "0:01:09"]
[Board "77"]

1. d4 Nf6 2. Nf3 c5 3. c4 cxd4 4. Nxd4 e5 5. Nf3 Nc6 6. Nc3 Bb4 7. Bd2 O-O 8. e3 e4 9. Ng1 d5 10. cxd5 Ne5 11. Nxe4 Nxe4 12. Bxb4 Nxf2 13. Kxf2 Ng4+ 14. Ke2 Re8 15. Bc5 Qf6 16. Nh3 Qxb2+ 17. Ke1 Qc3+ 18. Ke2 Qxc5 19. Rc1 Qxe3# 0-1


[Site "https://www.chess.com"]

[Event "Titled Tuesday Blitz June 20 Late 2023"]
[White "Rios Escobar, Adan"]
[Black "Romero Ruscalleda, Josep"]
[WhiteFideId "3403645"]
[BlackFideId "2231859"]
[WhiteElo "2452"]
[BlackElo "2183"]
[Result "0-1"]
[Round "11"]
[TimeControl "180+2"]
[Date "2023.06.20"]
[WhiteClock "0:00:05"]
[BlackClock "0:00:13"]
[Board "78"]

1. d4 g6 2. g3 Bg7 3. Bg2 d6 4. e4 Nf6 5. Ne2 O-O 6. O-O e5 7. Nbc3 Nc6 8. dxe5 Nxe5 9. f4 Nc4 10. Qd3 Nb6 11. a4 Be6 12. b3 a5 13. Be3 Nbd7 14. Rad1 Ng4 15. Bd4 Bxd4+ 16. Nxd4 Nc5 17. Nxe6 fxe6 18. Qc4 Ne3 19. Qe2 Nxd1 20. Rxd1 Qf6 21. Nb5 Rf7 22. h4 e5 23. Rf1 Raf8 24. Qc4 Kg7 25. f5 gxf5 26. Rxf5 Qh6 27. Rg5+ Kh8 28. Bh3 Qf6 29. Bf5 Rg7 30. Rxg7 Qxg7 31. Kh2 Qe7 32. Nc3 c6 33. Nd1 d5 34. Qe2 dxe4 35. Bxe4 Nxe4 36. Qxe4 Qd6 37. Ne3 Qd4 38. Qd3 Qxd3 39. cxd3 Rf3 40. Nc4 Rxd3 41. Nxa5 e4 42. Kg2 b5 43. Nxc6 bxa4 44. bxa4 Ra3 45. a5 Kg7 46. g4 Kf6 47. g5+ Kf5 48. Nd4+ Kg4 49. Ne6 Rxa5 50. Nf8 Ra2+ 51. Kf1 Kf3 52. Ke1 e3 53. Kd1 e2+ 54. Ke1 Ra1+ 55. Kd2 e1=Q+ 56. Kd3 Rd1+ 57. Kc4 Qd2 58. Nxh7 Qc2+ 59. Kb4 Rb1+ 60. Ka3 Qb2+ 61. Ka4 Qa2# 0-1


[Site "https://www.chess.com"]

[Event "Titled Tuesday Blitz June 20 Late 2023"]
[White "CheckBits"]
[Black "Vifleemskaia, Svetlana"]
[BlackFideId "4129490"]
[WhiteElo "2430"]
[BlackElo "1930"]
[Result "1-0"]
[Round "11"]
[TimeControl "180+2"]
[Date "2023.06.21"]
[WhiteClock "0:00:43"]
[BlackClock "0:00:00"]
[Board "79"]

1. Nf3 Nf6 2. d4 d5 3. Bf4 c5 4. e3 Nc6 5. Nbd2 cxd4 6. exd4 Bf5 7. c3 e6 8. Be2 h6 9. O-O Bd6 10. Ne5 O-O 11. Re1 Bxe5 12. dxe5 Nd7 13. Bf1 a5 14. a3 a4 15. Nf3 Qb6 16. Qd2 Be4 17. Nd4 Nc5 18. Rad1 Na5 19. Bxh6 Bg6 20. Bg5 Ne4 21. Qc1 Nb3 22. Qf4 Nxd4 23. cxd4 Qxb2 24. Re3 Bf5 25. Bd3 Rac8 26. Bxe4 dxe4 27. Rg3 Rc2 28. Bf6 Bg6 29. Bxg7 1-0


[Site "https://www.chess.com"]

[Event "Titled Tuesday Blitz June 20 Late 2023"]
[White "Cluke86"]
[Black "Yurasova, Daria"]
[BlackFideId "34146919"]
[WhiteElo "2270"]
[BlackElo "2109"]
[Result "1-0"]
[Round "11"]
[TimeControl "180+2"]
[Date "2023.06.20"]
[WhiteClock "0:01:29"]
[BlackClock "0:00:05"]
[Board "80"]

1. e4 e5 2. Nf3 Nc6 3. Bc4 Bc5 4. O-O Nf6 5. d4 Bxd4 6. Nxd4 Nxd4 7. Bg5 d6 8. f4 Ne6 9. f5 Nc5 10. Nc3 c6 11. b4 Qb6 12. bxc5 Qxc5+ 13. Kh1 Qxc4 14. Bxf6 gxf6 15. Qxd6 Qxc3 16. Rad1 Qa5 17. Qxf6 Rg8 18. Rd6 Bd7 19. Rfd1 Rd8 20. c4 Qxa2 21. R6d2 Qa5 22. Qd6 h5 23. f6 Qc5 24. Qxc5 1-0


[Site "https://www.chess.com"]

[Event "Titled Tuesday Blitz June 20 Late 2023"]
[White "De Souza, Cristiano Gomes"]
[Black "Kaplan, Avi Harrison"]
[WhiteFideId "2151758"]
[BlackFideId "30934559"]
[WhiteElo "2068"]
[BlackElo "1983"]
[Result "0-1"]
[Round "11"]
[TimeControl "180+2"]
[Date "2023.06.20"]
[WhiteClock "0:00:00"]
[BlackClock "0:00:05"]
[Board "81"]

1. d4 b6 2. c4 Bb7 3. Nc3 e6 4. a3 f5 5. Nf3 Nf6 6. g3 Be7 7. Bg2 O-O 8. O-O d6 9. d5 e5 10. Ng5 Bc8 11. Ne6 Bxe6 12. dxe6 c6 13. e4 fxe4 14. Nxe4 Nxe4 15. Bxe4 Rf6 16. Qd3 g6 17. f4 exf4 18. Bxf4 Rxe6 19. Rae1 Kh8 20. b4 Qd7 21. b5 Bf6 22. bxc6 Qc7 23. Bd5 Rxe1 24. Rxe1 Nxc6 25. Re6 Kg7 26. Bxd6 Qd7 27. Qe4 Rc8 28. Bxc6 Rxc6 29. Rxf6 Kxf6 30. Qe5+ Kf7 31. Qd5+ Kf6 32. Be5+ Ke7 33. Qe4 Re6 34. Qf4 Ke8 35. Kg2 Qe7 36. Bb8 Re2+ 37. Kh3 Qe6+ 38. g4 Qe3+ 39. Kh4 Qxf4 40. Bxf4 Kf7 41. Kg5 Ra2 42. Kh6 Rxa3 43. Bg5 Rh3+ 44. Bh4 Rxh4+ 45. Kg5 Rxh2 0-1


[Site "https://www.chess.com"]

[Event "Titled Tuesday Blitz June 20 Late 2023"]
[White "Ai, Evan"]
[Black "Florianovitz, Derlei Alex"]
[WhiteFideId "2094770"]
[BlackFideId "2114178"]
[WhiteElo "1963"]
[BlackElo "1953"]
[Result "1-0"]
[Round "11"]
[TimeControl "180+2"]
[Date "2023.06.20"]
[WhiteClock "0:02:34"]
[BlackClock "0:02:15"]
[Board "82"]

1. e4 e6 2. d4 d5 3. Nd2 c5 4. exd5 Qxd5 5. Ngf3 cxd4 6. Bc4 Qd7 7. O-O Nc6 8. Nb3 a6 9. Nbxd4 Nxd4 10. Nxd4 Qc7 11. Bb3 Bd6 12. c3 Bxh2+ 13. Kh1 Be5 14. Re1 Nf6 15. Bg5 Bd7 16. Qe2 Bxd4 17. cxd4 Bc6 18. Bxf6 gxf6 19. d5 Bd7 20. dxe6 fxe6 21. Bxe6 Bxe6 22. Qxe6+ Kf8 23. Qxf6+ Kg8 24. Re7 1-0


[Site "https://www.chess.com"]

[Event "Titled Tuesday Blitz June 20 Late 2023"]
[White "Ladan, Nicholas"]
[Black "Gardezi, Arsal"]
[WhiteFideId "30918855"]
[BlackFideId "30949521"]
[WhiteElo "2167"]
[BlackElo "1906"]
[Result "1-0"]
[Round "11"]
[TimeControl "180+2"]
[Date "2023.06.20"]
[WhiteClock "0:01:22"]
[BlackClock "0:01:23"]
[Board "83"]

1. e3 e5 2. Nc3 d5 3. Qh5 Nc6 4. Bb5 Qd6 5. Nf3 e4 6. Qe5+ Be6 7. Qxd6 Bxd6 8. Ng5 Ke7 9. Nxe6 Kxe6 10. d3 f5 11. f3 Nf6 12. Ne2 g6 13. Bd2 a6 14. Ba4 b5 15. Bb3 Kd7 16. Bc3 Bb4 17. dxe4 dxe4 18. O-O-O+ Ke7 19. Bxf6+ Kxf6 20. Bd5 1-0


[Site "https://www.chess.com"]

[Event "Titled Tuesday Blitz June 20 Late 2023"]
[White "Melikhov, Evgeny V."]
[Black "Torres Dominguez, David"]
[WhiteFideId "4122046"]
[BlackFideId "2220857"]
[WhiteElo "2158"]
[BlackElo "1999"]
[Result "0-1"]
[Round "11"]
[TimeControl "180+2"]
[Date "2023.06.20"]
[WhiteClock "0:00:14"]
[BlackClock "0:00:14"]
[Board "84"]

1. d4 e5 2. dxe5 d6 3. exd6 Bxd6 4. Nf3 Bg4 5. e3 Nc6 6. Be2 Qe7 7. Nbd2 O-O-O 8. c3 Nf6 9. Qc2 Rhe8 10. Nc4 Ne4 11. Nxd6+ Rxd6 12. b3 Kb8 13. Ba3 Nxf2 14. Kxf2 Qxe3+ 15. Kf1 Bxf3 16. Bxf3 Rd2 17. Qxd2 Qxd2 18. Rd1 Qxa2 19. Bc5 Qxb3 20. h4 Qc4+ 21. Kg1 Qxc5+ 22. Kh2 Qe5+ 23. Kh3 h5 24. Rb1 Na5 25. Rhc1 Qf5+ 26. Kh2 Qf4+ 27. Kh3 Qf5+ 28. Kh2 b6 29. c4 c5 30. Bd5 Qf4+ 31. Kg1 Qe3+ 32. Kh2 Qf4+ 33. Kg1 Re2 34. Rf1 Qd4+ 35. Kh2 Qxh4+ 36. Kg1 Qd4+ 37. Kh2 f6 38. Rbd1 Qe5+ 39. Kg1 Qe3+ 40. Kh2 Nb3 41. Rf3 Qe5+ 42. Kh3 Nd4 43. Rg3 g5 44. Rf1 g4+ 45. Kh2 h4 46. Kg1 hxg3 0-1


[Site "https://www.chess.com"]

[Event "Titled Tuesday Blitz June 20 Late 2023"]
[White "Tarnowska, Aleksandra"]
[Black "Bueno, Alfeu Junior Varela"]
[WhiteFideId "1180967"]
[BlackFideId "2108879"]
[WhiteElo "1776"]
[BlackElo "2175"]
[Result "1-0"]
[Round "11"]
[TimeControl "180+2"]
[Date "2023.06.20"]
[WhiteClock "0:00:54"]
[BlackClock "0:01:04"]
[Board "85"]

1. e4 e6 2. d4 d5 3. Nd2 Nf6 4. e5 Nfd7 5. Bd3 c5 6. c3 Nc6 7. Ne2 cxd4 8. cxd4 f6 9. exf6 Nxf6 10. O-O Bd6 11. Nf3 Qc7 12. Bg5 O-O 13. Bh4 Nh5 14. Bg3 Nxg3 15. Nxg3 Bxg3 16. fxg3 Qb6 17. Bxh7+ Kh8 18. Ng5 Rf5 19. Bxf5 Nxd4 20. Qh5+ Kg8 21. Qf7+ Kh8 22. Qf8# 1-0


[Site "https://www.chess.com"]

[Event "Titled Tuesday Blitz June 20 Late 2023"]
[White "Hoffmann, Asa"]
[Black "Sanchez, Robert"]
[WhiteFideId "2001470"]
[BlackFideId "2034360"]
[WhiteElo "2117"]
[BlackElo "2098"]
[Result "1-0"]
[Round "11"]
[TimeControl "180+2"]
[Date "2023.06.20"]
[WhiteClock "0:01:05"]
[BlackClock "0:00:08"]
[Board "86"]

1. Nc3 e6 2. e4 d5 3. Qe2 Nf6 4. d3 c5 5. e5 Nfd7 6. f4 Nc6 7. Nf3 Be7 8. g3 O-O 9. h4 f6 10. Bh3 Kh8 11. Bxe6 Ndxe5 12. Bxd5 Nxf3+ 13. Qxf3 Nd4 14. Qg2 Bg4 15. O-O Rb8 16. a4 a6 17. a5 Qd7 18. Re1 Bd6 19. Be3 b5 20. axb6 Rxb6 21. b3 Nf5 22. Bf2 Bc7 23. Be4 Rc8 24. Bxc5 Rbb8 25. b4 Bd6 26. Na4 Bxc5+ 27. Nxc5 Qd4+ 28. Qf2 Qxb4 29. Nxa6 Qc3 30. Nxb8 Rxb8 31. Rab1 Rf8 32. Kh2 h5 33. Rb3 Qc7 34. Reb1 Nh6 35. c4 Bd1 36. Qb6 Ng4+ 37. Kg1 Qd7 38. Rxd1 f5 39. Bf3 Qe7 40. Bxg4 hxg4 41. Qf2 Rd8 42. d4 Qe4 43. Re3 Qc6 44. c5 Qa4 45. Qd2 Rd5 46. Re5 1-0


[Site "https://www.chess.com"]

[Event "Titled Tuesday Blitz June 20 Late 2023"]
[White "Sarkar, Justin"]
[Black "Sokolov, Andrei"]
[WhiteFideId "2010011"]
[BlackFideId "11600306"]
[WhiteElo "2151"]
[BlackElo "2473"]
[Result "1-0"]
[Round "11"]
[TimeControl "180+2"]
[Date "2023.06.20"]
[WhiteClock "0:00:06"]
[BlackClock "0:00:09"]
[Board "87"]

1. e4 c6 2. c3 d5 3. e5 Bf5 4. Nf3 e6 5. d4 c5 6. Be3 Qb6 7. Qb3 c4 8. Qa4+ Nc6 9. b3 Bc2 10. Nbd2 Ne7 11. Rc1 cxb3 12. axb3 Bf5 13. Be2 Bg4 14. h3 Bxf3 15. Nxf3 Nf5 16. Bd2 Be7 17. g4 Nh6 18. O-O O-O 19. Ne1 Qd8 20. Nd3 a6 21. Kg2 b5 22. Qa1 Bg5 23. f4 Be7 24. b4 Nb8 25. f5 Bg5 26. Qb2 Bxd2 27. Qxd2 Nd7 28. f6 gxf6 29. Qxh6 fxe5 30. Nxe5 Nxe5 31. dxe5 Kh8 32. Bd3 f5 33. exf6 Rf7 34. Rce1 Qd6 35. Bg6 Rc7 36. f7 Rxf7 37. Rxf7 Qh2+ 38. Kxh2 d4 39. Qxh7# 1-0


[Site "https://www.chess.com"]

[Event "Titled Tuesday Blitz June 20 Late 2023"]
[White "Arnold, Ken"]
[Black "disciplinedbrat"]
[WhiteFideId "2056836"]
[WhiteElo "2386"]
[BlackElo "2244"]
[Result "1-0"]
[Round "11"]
[TimeControl "180+2"]
[Date "2023.06.20"]
[WhiteClock "0:01:46"]
[BlackClock "0:01:20"]
[Board "88"]

1. d4 g6 2. c4 Bg7 3. Nc3 d6 4. Nf3 c5 5. dxc5 dxc5 6. Qxd8+ Kxd8 7. Bd2 Be6 8. e3 Nc6 9. O-O-O h6 10. Nd5 Bxd5 11. cxd5 Nb8 12. Bb5 Na6 13. Bxa6 bxa6 14. Ba5+ Kd7 15. e4 g5 16. h3 Nf6 17. Rhe1 e6 18. Ne5+ Ke7 19. d6+ Kf8 20. d7 Nxd7 21. Nxd7+ Ke7 22. Bc3 Bxc3 23. bxc3 f6 24. e5 fxe5 25. Nxe5 1-0


[Site "https://www.chess.com"]

[Event "Titled Tuesday Blitz June 20 Late 2023"]
[White "Vila Dupla, Aurelio"]
[Black "Prieto Aranguren, Alain"]
[WhiteFideId "2203383"]
[BlackFideId "2268906"]
[WhiteElo "2009"]
[BlackElo "2209"]
[Result "0-1"]
[Round "11"]
[TimeControl "180+2"]
[Date "2023.06.20"]
[WhiteClock "0:00:00"]
[BlackClock "0:00:51"]
[Board "89"]

1. Nf3 g6 2. d4 Bg7 3. g3 d6 4. Bg2 Nd7 5. O-O e5 6. c4 Ne7 7. Nc3 O-O 8. e4 exd4 9. Nxd4 Nc6 10. Be3 Nde5 11. b3 Ng4 12. Nxc6 Nxe3 13. Qe2 bxc6 14. Qxe3 Re8 15. Rad1 Qe7 16. Rfe1 Bd7 17. c5 Qe5 18. Rd3 Bg4 19. h3 Bc8 20. Red1 Ba6 21. cxd6 Bxd3 22. d7 Red8 23. Rxd3 Qe7 24. Qd2 Bxc3 25. Rxc3 Rxd7 26. Qc2 Rad8 27. Rxc6 Rd1+ 28. Kh2 R1d2 29. Qc4 Rxf2 30. Rxc7 Qe6 31. Kg1 Rdd2 32. Rc8+ Kg7 33. Qc3+ Qf6 34. Rg8+ Kxg8 0-1


[Site "https://www.chess.com"]

[Event "Titled Tuesday Blitz June 20 Late 2023"]
[White "Vaglio Munoz, Jaime"]
[Black "Ward, Ieuan C"]
[WhiteFideId "6500145"]
[BlackFideId "406627"]
[WhiteElo "2199"]
[BlackElo "2265"]
[Result "0-1"]
[Round "11"]
[TimeControl "180+2"]
[Date "2023.06.20"]
[WhiteClock "0:00:00"]
[BlackClock "0:00:21"]
[Board "90"]

1. Nf3 Nf6 2. b3 g6 3. Bb2 Bg7 4. c4 d5 5. d3 c6 6. g3 Bg4 7. Bg2 Qd7 8. h3 Bxf3 9. Bxf3 O-O 10. Nd2 Re8 11. Bg2 e5 12. O-O Na6 13. a3 Rad8 14. Qc2 Nc7 15. Rac1 d4 16. c5 Ncd5 17. b4 Qe7 18. Nc4 Rd7 19. Rfe1 Red8 20. Rcd1 Qe6 21. e3 dxe3 22. Nxe3 Nxe3 23. Rxe3 Nd5 24. Re2 Nc7 25. d4 Nb5 26. f4 Nxd4 27. Bxd4 Rxd4 28. Rxd4 Rxd4 29. fxe5 Bxe5 30. Kh2 Kg7 31. Qb3 Qxb3 0-1


[Site "https://www.chess.com"]

[Event "Titled Tuesday Blitz June 20 Late 2023"]
[White "Kornyukov, Alexey"]
[Black "Thiel, Thomas"]
[WhiteFideId "4150457"]
[BlackFideId "4615964"]
[WhiteElo "2352"]
[BlackElo "2203"]
[Result "1-0"]
[Round "11"]
[TimeControl "180+2"]
[Date "2023.06.20"]
[WhiteClock "0:01:44"]
[BlackClock "0:02:20"]
[Board "92"]

1. d4 d5 2. c4 dxc4 3. e4 e5 4. Nf3 exd4 5. Bxc4 Nc6 6. O-O Be6 7. Bb5 Bc5 8. b4 Bb6 9. a4 a6 10. Bxc6+ bxc6 11. a5 Ba7 12. Bb2 Rb8 13. Bxd4 Bxd4 14. Nxd4 Rxb4 15. Nxc6 Qxd1 16. Rxd1 1-0


[Site "https://www.chess.com"]

[Event "Titled Tuesday Blitz June 20 Late 2023"]
[White "Martinez, Ayelen"]
[Black "Perez, Maximiliano"]
[WhiteFideId "118702"]
[BlackFideId "117234"]
[WhiteElo "2074"]
[BlackElo "2334"]
[Result "0-1"]
[Round "11"]
[TimeControl "180+2"]
[Date "2023.06.20"]
[WhiteClock "0:00:08"]
[BlackClock "0:00:59"]
[Board "93"]

1. e4 g6 2. d4 Bg7 3. Nf3 d6 4. Nc3 a6 5. Be3 b5 6. Bd3 Bb7 7. Ne2 Nd7 8. c3 Ngf6 9. Ng3 Ng4 10. Bg5 h6 11. Bc1 c5 12. h3 Ngf6 13. Be3 e5 14. Qd2 cxd4 15. cxd4 exd4 16. Bxd4 O-O 17. O-O Nc5 18. e5 Nh7 19. Bxc5 dxc5 20. e6 Bxf3 21. exf7+ Rxf7 22. gxf3 c4 0-1


[Site "https://www.chess.com"]

[Event "Titled Tuesday Blitz June 20 Late 2023"]
[White "Rodriguez Santiago, Jaime"]
[Black "Barria Santos, Jose Guilherme"]
[WhiteFideId "3100898"]
[BlackFideId "1939300"]
[WhiteElo "2025"]
[BlackElo "2266"]
[Result "1-0"]
[Round "11"]
[TimeControl "180+2"]
[Date "2023.06.20"]
[WhiteClock "0:01:16"]
[BlackClock "0:00:40"]
[Board "94"]

1. c4 Nf6 2. Nc3 g6 3. g3 Bg7 4. Bg2 d6 5. e4 O-O 6. Nge2 Nc6 7. d3 e5 8. O-O h6 9. h3 Be6 10. Nd5 Nd7 11. Be3 a5 12. Rc1 Nc5 13. Qd2 Kh7 14. f4 f5 15. fxe5 Nxe5 16. d4 Nxe4 17. Bxe4 fxe4 18. dxe5 Bxh3 19. Rxf8 Qxf8 20. Nef4 Bg4 21. Rf1 Bf3 22. e6 c6 23. e7 Qf7 24. Nc7 Rc8 25. e8=Q Rxe8 26. Nxe8 Qxe8 27. Qxd6 Bxb2 28. Ne6 Qf7 29. Nf8+ Kg8 30. Nxg6 1-0


[Site "https://www.chess.com"]

[Event "Titled Tuesday Blitz June 20 Late 2023"]
[White "Fernandez, Maria Florencia"]
[Black "Alexikov, Alexander"]
[WhiteFideId "116459"]
[BlackFideId "14103958"]
[WhiteElo "2074"]
[BlackElo "2186"]
[Result "1-0"]
[Round "11"]
[TimeControl "180+2"]
[Date "2023.06.20"]
[WhiteClock "0:00:07"]
[BlackClock "0:00:00"]
[Board "95"]

1. d4 Nf6 2. c4 g6 3. Nc3 Bg7 4. e4 d6 5. Be2 O-O 6. Be3 c6 7. g4 a6 8. h4 b5 9. h5 b4 10. g5 bxc3 11. gxf6 exf6 12. hxg6 fxg6 13. bxc3 Re8 14. Bd3 Qa5 15. Ne2 Nd7 16. c5 d5 17. exd5 cxd5 18. Qb3 Nf8 19. Qxd5+ Be6 20. Qg2 Rad8 21. Kf1 Bd5 22. Qh2 Bxh1 23. Qxh1 Kh8 24. Qb7 Rb8 25. Qxa6 Qc7 26. Qd6 Qc8 27. Qg3 Rb2 28. Nf4 Qc6 29. Qh2 f5 30. Qg2 Qc7 31. Qf3 g5 32. Nd5 Qd8 33. Bxf5 Ng6 34. Bxg6 hxg6 35. Nb6 Rf8 36. Qh3+ Kg8 37. Qe6+ Rf7 38. Qxg6 Qe7 39. Re1 g4 40. Nc4 Qd7 41. Nxb2 Qb7 42. Nd3 Qh1+ 43. Ke2 Qf3+ 44. Kd2 Ra7 45. Qe6+ Kf8 46. Rg1 Rf7 47. Rxg4 Qb7 48. Qb3 Qa7 49. Rf4 Rxf4 50. Nxf4 Qd7 51. Ne6+ Kg8 52. Nxg7+ Kxg7 53. Qb6 1-0


[Site "https://www.chess.com"]

[Event "Titled Tuesday Blitz June 20 Late 2023"]
[White "Cueto, Jonny"]
[Black "Sadilek, Peter"]
[WhiteFideId "3300145"]
[BlackFideId "1616439"]
[WhiteElo "2240"]
[BlackElo "2227"]
[Result "0-1"]
[Round "11"]
[TimeControl "180+2"]
[Date "2023.06.20"]
[WhiteClock "0:00:00"]
[BlackClock "0:01:29"]
[Board "96"]

1. d4 d5 2. Bf4 e6 3. e3 Bd6 4. Nf3 Nf6 5. Ne5 O-O 6. Be2 b6 7. Nd2 Ba6 8. O-O Bxe2 9. Qxe2 c5 10. c3 Qc7 11. Ndf3 Nc6 12. Rad1 Nh5 13. Nxc6 Nxf4 14. exf4 Qxc6 15. g3 cxd4 16. Nxd4 Qa4 17. a3 Rac8 18. Rfe1 Qc4 19. Nf3 Qxe2 20. Rxe2 Rc7 21. Ne5 Bxe5 22. Rxe5 Rfc8 23. Rde1 g6 24. g4 Rc4 25. f3 Rxf4 26. Kf2 Rfc4 27. h4 Kg7 28. h5 b5 29. Rh1 a5 30. Rh2 Kf6 31. Re1 b4 32. cxb4 axb4 33. axb4 Rxb4 34. Kg3 g5 35. Rf2 Rb3 36. Ree2 Rcb8 37. Rc2 h6 38. Rfe2 d4 39. Red2 e5 40. Rc6+ Kg7 41. Rc5 R8b5 42. Rcc2 e4 43. Rf2 Rxf3+ 44. Rxf3 exf3 45. Kxf3 Rd5 46. Ke4 d3 47. Rd2 Rb5 48. Kxd3 Rb4 49. Rg2 Kf6 50. Kc3 Rf4 51. b4 Ke5 52. Kb3 Ke4 53. Ka4 Kf3 54. Rg1 Kf2 55. Rb1 Rxg4 56. Ka5 Re4 57. b5 f5 58. b6 Re8 59. b7 g4 60. Kb5 g3 61. Kc4 g2 0-1


[Site "https://www.chess.com"]